 Dungeon Crawl Stone Soup version 0.17-a0-1430-g49fde19 (webtiles) character file.

403175 Malachi the Bludgeoner (level 22, -7/204 HPs)
             Began as a Deep Dwarf Berserker on June 24, 2015.
             Was a High Priest of Trog.
             Killed from afar by a quicksilver dragon (28 damage)
             ... with a bolt of dispelling energy
             ... on level 5 of the Vaults on June 25, 2015.
             The game lasted 02:49:19 (42910 turns).

Malachi the Bludgeoner (Deep Dwarf Berserker)      Turns: 42910, Time: 02:49:19

Health: -7/204     AC: 31    Str: 38    XL:     22   Next: 32%
Magic:  26/26      EV: 17    Int:  7    God:    Trog [*****.]
Gold:   413        SH: 21    Dex: 12    Spells: 0 memorised, 27 levels left

rFire  + + .     SeeInvis .     z - +9 eveningstar (crush)
rCold  + . .     Clarity  .     q - +8 chain mail of the Komodo Dragon {rF+ rC+ Str+4 Int-2}
rNeg   + + .     SustAt   .     Z - +4 shield "Kiubiaf" {rElec Str+5 Int-4 Stlth+}
rPois  .         Gourm    +     e - +2 helmet {Int+3}
rElec  +         Spirit   .     g - +0 cloak
rCorr  .         Warding  .     T - +0 pair of gloves
rMut   .         Stasis   .     l - +2 pair of boots of the Assassin {DetectMon Stab+ Stlth++}
MR     +++..                    X - amulet of the gourmand
Stlth  ++++++....               V - ring "Qangerch" {Fire *Drain +Fly rN+ Slay+5}
                                o - ring of Okawaru's Wrath {rC+ MR+}

@: exhausted, vulnerable, non-regenerating, invisible (expiring), extremely
resistant to hostile enchantments, very stealthy
A: damage resistance, recharge devices, negative energy resistance 1, sense
surroundings 3, slow healing 3
a: Device Recharging, Burn Spellbooks, Berserk, Trog's Hand, Brothers in Arms,
Renounce Religion, Evoke Flight
}: 2/15 runes: decaying, serpentine


You were on level 5 of the Vaults.
You worshipped Trog.
Trog was extremely pleased with you.
You were full.

You visited 6 branches of the dungeon, and saw 40 of its levels.
You visited 1 bazaar.
You also visited: Labyrinth, Ossuary and Ice Cave.

You collected 4767 gold pieces.
You spent 4354 gold pieces at shops.

Inventory:

Hand weapons
 a - the +4 great mace of Qanira {vamp, Int+4}
   (You found it on level 2 of the Swamp)

   It inflicts no extra harm, but heals its wielder somewhat when it strikes a
   living foe.
   It affects your intelligence (+4).
 z - a +9 eveningstar of crushing (weapon)
 B - the +11 flail "Napor" {crush, rC+}
   (You bought it in a shop on level 4 of the Dungeon)

   It inflicts extra damage upon your enemies.
   It protects you from cold.
 N - a +3 antimagic morningstar
Armour
 e - a +2 helmet of intelligence (worn)
 g - a +0 cloak (worn)
 l - the +2 pair of boots of the Assassin (worn) {DetectMon Stab+ Stlth++}
   (You acquired it on level 15 of the Dungeon)

   It makes you much more stealthy.
 q - the +8 chain mail of the Komodo Dragon (worn) {rF+ rC+ Str+4 Int-2}
   (You bought it in a shop on level 5 of the Dungeon)

   It affects your strength (+4).
   It affects your intelligence (-2).
   It protects you from fire.
   It protects you from cold.
 v - the cursed +1 leather armour of Makhleb's Supremacy {Dex+6}
   (You bought it in a shop in a bazaar)

   It affects your dexterity (+6).
   It has a curse placed upon it.
 T - a +0 pair of gloves (worn)
 U - a +2 robe of resistance
 Y - the +2 shield of Resistance {rF+ rC+ MR+}
   (You bought it in a shop in a bazaar)

   It protects you from fire.
   It protects you from cold.
   It affects your resistance to hostile enchantments.
 Z - the +4 shield "Kiubiaf" (worn) {rElec Str+5 Int-4 Stlth+}
   (You acquired it on level 4 of the Orcish Mines)

   It affects your strength (+5).
   It affects your intelligence (-4).
   It insulates you from electricity.
   It makes you more stealthy.
Jewellery
 f - an uncursed ring of protection from fire
 o - the ring of Okawaru's Wrath (left hand) {rC+ MR+}
   (You found it on level 4 of the Swamp)

   [ring of protection from cold]

   It protects you from cold.
   It affects your resistance to hostile enchantments.
 w - an uncursed ring of sustain attributes
 A - an uncursed amulet of clarity
 J - an uncursed amulet of resist mutation
 Q - an uncursed ring of poison resistance
 S - an uncursed amulet of stasis
 V - the ring "Qangerch" (right hand) {Fire *Drain +Fly rN+ Slay+5}
   (You found it on level 11 of the Dungeon)

   [ring of fire]

   It enhances your fire magic, and weakens your ice magic.
   It affects your accuracy and damage with ranged weapons and melee attacks
   (+5).
   It protects you from fire.
   It makes you vulnerable to cold.
   It protects you from negative energy.
   It lets you fly.
   It causes draining when unequipped.
 X - an amulet of the gourmand (around neck)
Magical devices
 c - a wand of heal wounds (1)
 O - a wand of heal wounds (0)
 R - a wand of teleportation (0)
Scrolls
 j - 5 scrolls of identify
 m - 2 scrolls of magic mapping
 r - 5 scrolls of recharging
 t - a scroll of enchant armour
 y - 7 scrolls of teleportation
 C - 2 scrolls of fog
 D - 6 scrolls of fear
 E - 8 scrolls of remove curse
 K - a scroll of silence
 W - a scroll of brand weapon
Potions
 h - 13 potions of curing
 i - 7 potions of flight
 k - 5 potions of heal wounds
 n - 4 potions of magic
 s - 6 potions of lignification
 u - 5 potions of might
 F - a potion of invisibility
 G - a potion of berserk rage
 H - 9 potions of haste
 L - 2 potions of agility
Miscellaneous
 x - a phantom mirror
 M - a phial of floods
 P - a legendary deck of summoning {the Elements}
Comestibles
 b - 14 meat rations
 d - 12 bread rations
 p - 8 beef jerkies
 I - 4 royal jellies


   Skills:
 + Level 13.5 Fighting
 + Level 20.0 Maces & Flails
 + Level 13.4 Armour
 + Level 14.7 Dodging
 * Level 17.0 Stealth
 + Level 18.7 Shields
 + Level 3.0 Spellcasting
 + Level 1.6 Evocations


You had 27 spell levels left.
You didn't know any spells.

Dungeon Overview and Level Annotations

Branches:
Dungeon (15/15)            Temple (0/1) D:4            Lair (8/8) D:10
  Swamp (4/4) Lair:5        Snake (4/4) Lair:5        Slime (0/6) Lair:7
    Orc (4/4) D:11            Elf (0/3) Orc:3        Vaults (5/5) D:14
  Crypt (0/3) Vaults:2     Depths (0/5) D:15

Altars:
Ashenzari
Cheibriados
Dithmenos
Elyvilon
Nemelex Xobeh
Trog
Vehumet
Xom
Yredelemnul
The Shining One
Beogh
Jiyva

Shops:
D:4 !(   D:5 }([   D:9 [   D:12 [   Orc:4 }}*?   Snake:3 (   Vaults:1 :
Vaults:2 [   Vaults:3 *


Innate Abilities, Weirdness & Mutations

You are resistant to damage.
You can recharge devices by infusing magical energy.
You resist negative energy.
You passively map a large area around you.
You do not heal naturally.


Message History

You block the fire giant's attack.
Found five items.
The vault warden hits you but does no damage.
You block the hellwing's attack. x2
Found 44 gold pieces and a sack of spiders.
An ironbrand convoker comes into view. It is wielding a mace of protection.
The deep elf sorcerer mumbles some strange words.
The deep elf sorcerer seems to speed up.
You block the quicksilver dragon's attack. x2
Found four items.
A yaktaur comes into view.
You are no longer corroded.
The fire giant points at you and mumbles some strange words.
The bolt of fire hits you! You resist.
* * * LOW HITPOINT WARNING * * *
The quicksilver dragon breathes dispelling energy at you.
The bolt of dispelling energy hits you!
Your magical effects are unravelling.
Your magical contamination has completely faded away.
You die...

, #.. #c....p..p, ,,
, ,,,#..##D4........#
, * #[(....e...##.c.
* ,,#|.....{e..##...
, * #......##......#
, * , #....pC##......
,, , ,#[.##......##.
. * ,,
,,,#)}##..D...##....,
* , * ,
#)!).....@......., ,
* , #}:}}\==/$.......
* , #################
, ,, , , , , ,, , , ,
, ,, , , ,, ,,* , ,
,, *** * ,, , , , ,
,, , , ,


You could see a fire giant, a quicksilver dragon, a vault warden, a deep elf
sorcerer and a yaktaur (wandering).

Vanquished Creatures
  Xtahua (Vaults:4)
  Jorgrun (Vaults:4)
  2 thorn hunters
  A sphinx (Vaults:4)
  Kirke (Swamp:4)
  A shadow dragon (Vaults:3)
  8 greater nagas (Snake:4)
  2 tengu reavers (Vaults:4)
  Wiglaf (Snake:2)
  2 fire giants
  Donald (Swamp:3)
  Maud (Orc:3)
  2 orc warlords
  2 deep elf sorcerers
  Louise (Snake:1)
  9 vault wardens
  12 ironheart preservers
  6 stone giants
  2 very ugly things
  A war gargoyle (Vaults:3)
  A deep elf annihilator (Vaults:2)
  5 dire elephants (Lair:8)
  2 deep elf death magi (Vaults:2)
  An eidolon (Vaults:2)
  3 ettins
  A minotaur (Lab)
  2 yaktaur captains
  Erolcha (D:9)
  3 crystal guardians
  8 vault guards
  An entropy weaver (Vaults:4)
  2 fire dragons
  A rakshasa (Vaults:2)
  Harold (Lair:4)
  25 hydras
  3 great orbs of eyes
  2 ice dragons
  12 naga warriors
  The ghost of braks the Martial Artist, a powerful DsFi of Dithmenos (Lair:1)
  A death knight (Vaults:2)
  11 anacondas
  5 alligators
  11 centaur warriors
  A deep troll shaman (Vaults:4)
  6 ogre magi
  A shock serpent (shapeshifter) (Vaults:2)
  2 tengu warriors (D:15)
  2 spriggans (Swamp:2)
  4 shock serpents
  13 naga sharpshooters
  3 deep elf knights
  3 orc high priests (Orc:4)
  2 ice devils (IceCv)
  A soul eater (Vaults:2)
  A shadow wraith (Vaults:4)
  An unseen horror (D:14)
  4 fire crabs
  8 skeletal warriors
  3 salamander mystics
  A wizard (D:14)
  2 flayed ghosts
  14 sea snakes (Snake:4)
  2 giant orange brains
  5 hill giants
  13 orc knights
  4 ice statues (IceCv)
  2 deep trolls (Vaults:4)
  5 swamp dragons
  6 harpies (Vaults:4)
  2 deep elf summoners
  10 naga ritualists
  9 ironbrand convokers
  7 griffons
  2 necromancers
  7 cyclopes
  2 wolf spiders
  2 manticores (D:11)
  3 deep elf conjurers
  6 orc sorcerers
  4 hornets
  39 ugly things
  15 mana vipers
  15 salamanders
  26 slime creatures
  19 elephants
  26 naga magi
  A storm dragon simulacrum (Vaults:2)
  7 guardian serpents
  A torpor snail (Lair:8)
  38 black mambas
  10 vault sentinels
  20 spiny frogs
  15 komodo dragons
  6 kobold demonologists
  17 yaktaurs
  7 blue devils (IceCv)
  3 fire drakes
  A tengu conjurer (D:11)
  The ghost of Geomchi the Charmwright, an experienced DECj (D:5)
  4 freezing wraiths
  6 deep elf priests
  A merfolk (D:9)
  21 two-headed ogres
  4 trolls
  4 blink frogs (Lair:3)
  A polar bear (Lair:3)
  A two-headed ogre (shapeshifter) (D:15)
  4 giant leeches
  6 bog bodies
  A hornet zombie (D:12)
  5 boulder beetles
  A trapdoor spider zombie (D:13)
  2 centaur simulacra (D:14)
  A snapping turtle (shapeshifter) (Vaults:3)
  2 redbacks (Vaults:3)
  3 shadows
  52 yaks
  5 deep elf magi
  A wraith (D:11)
  4 hungry ghosts
  3 basilisks
  2 wyverns
  12 deep elf fighters
  2 hogs (Swamp:4)
  A yaktaur simulacrum (Vaults:3)
  59 nagas
  23 swamp worms
  4 wargs
  12 hippogriffs
  3 insubstantial wisps (Swamp:4)
  A soldier ant (shapeshifter) (D:14)
  18 water moccasins
  22 vampire mosquitoes
  9 wolves
  A soldier ant (D:11)
  13 porcupines
  12 ice beasts
  12 swamp drakes
  3 wasps
  An eye of draining (D:9)
  35 ogres
  36 orc warriors
  The ghost of Kisielow the Slasher, an average MiFi (D:3)
  7 sky beasts
  An ettin simulacrum (Vaults:2)
  A black bear (D:10)
  2 phantoms
  2 necrophages
  7 centaurs
  3 big kobolds
  19 crocodiles
  4 boggarts (Vaults:2)
  18 giant frogs
  2 gnoll sergeants
  4 scorpions
  A water moccasin skeleton (D:8)
  A wyvern skeleton (D:9)
  27 wights
  18 killer bees
  6 crimson imps
  A draconian simulacrum (IceCv)
  An electric eel (Lair:6)
  A quasit (D:11)
  7 iguanas
  A gnoll shaman (D:9)
  3 centaur skeletons
  23 orc priests
  10 hounds
  5 jellies
  A giant frog skeleton (D:12)
  25 orc wizards
  9 worker ants
  8 hell rats (Lair:2)
  3 sheep (Vaults:1)
  3 spriggan simulacra (IceCv)
  3 troll simulacra (IceCv)
  7 big kobold zombies (Ossuary)
  An ogre zombie (Orc:3)
  2 hound zombies
  A hound skeleton (D:10)
  A mummy (Ossuary)
  3 ogre simulacra (IceCv)
  13 gnolls
  86 river rats
  14 adders
  2 shadow imps (D:5)
  2 adder skeletons
  4 worms
  5 giant geckos
  171 orcs
  3 spectral bats (Ossuary)
  20 bats
  3 bat simulacra (Ossuary)
  A bat skeleton (D:4)
  A bat zombie (D:3)
  8 giant cockroaches
  5 gnoll zombies (Ossuary)
  20 goblins
  19 hobgoblins
  10 jackals
  32 kobolds
  5 quokkas
  2 ball pythons
  2 giant gecko skeletons
  3 giant newts
  4 goblin simulacra (Ossuary)
  5 goblin zombies (Ossuary)
  3 hobgoblin zombies (Ossuary)
  A jackal skeleton (D:4)
  A jackal zombie (D:7)
  2 kobold simulacra (Ossuary)
  3 kobold zombies (Ossuary)
  7 orc zombies (Ossuary)
  A quokka skeleton (D:9)
  32 rats
  2 rat simulacra (Ossuary)
  5 spectral goblins (Ossuary)
  2 spectral kobolds (Ossuary)
  3 spectral rats (Ossuary)
  2 butterflies (D:4)
  17 plants
1767 creatures vanquished.

Vanquished Creatures (collateral kills)
  the Lernaean hydra (Swamp:4)
  2 hydras (Swamp:4)
  A spriggan (Swamp:4)
  A swamp dragon (Swamp:4)
  An elephant (Lair:4)
  A giant leech (Swamp:4)
  A wasp (Swamp:4)
8 creatures vanquished.

Vanquished Creatures (others)
  A giant leech (Swamp:4)
  A swamp drake (Swamp:4)
  2 orcs
  3 fungi
  3 plants (D:10)
10 creatures vanquished.

Grand Total: 1785 creatures vanquished

Notes
Turn   | Place    | Note
--------------------------------------------------------------
     0 | D:1      | Malachi the Deep Dwarf Berserker began the quest for the Orb.
     0 | D:1      | Reached XP level 1. HP: 20/20 MP: 1/1
   181 | D:1      | Reached XP level 2. HP: 27/27 MP: 2/2
   753 | D:1      | Reached XP level 3. HP: 34/34 MP: 3/3
   891 | D:2      | Acquired Trog's second power
  1007 | D:2      | Reached XP level 4. HP: 27/42 MP: 4/4
  1908 | D:3      | Reached XP level 5. HP: 49/49 MP: 5/5
  1911 | D:3      | Reached skill level 4 in Maces & Flails
  1993 | D:3      | Found a faded altar to an unknown god.
  2003 | D:3      | Found a bloodstained altar of Trog.
  2046 | D:3      | Noticed Kisielow's ghost (average MiFi)
  2062 | D:3      | Killed Kisielow's ghost
  2062 | D:3      | Reached XP level 6. HP: 56/56 MP: 6/6
  2560 | D:3      | Found a snail-covered altar of Cheibriados.
  2676 | D:4      | Found Vestraoco's Antique Weapon Shoppe.
  2680 | D:4      | Bought a dazzling flail for 246 gold pieces
  2684 | D:4      | Identified the +11 flail "Napor" {crush, rC+} (You bought it in a shop on level 4 of the Dungeon)
  2700 | D:4      | Found Jakkorgho's Distillery.
  2859 | D:4      | Found a staircase to the Ecumenical Temple.
  3079 | D:4      | Reached skill level 5 in Dodging
  3079 | D:4      | Reached XP level 7. HP: 58/64 MP: 7/7
  3123 | D:4      | Reached skill level 5 in Maces & Flails
  3237 | D:5      | Entered Level 5 of the Dungeon
  3285 | D:5      | Found Beluphes's Armour Shop.
  3416 | D:5      | Found Ophe's Gadget Shoppe.
  3670 | D:5      | Noticed Geomchi's ghost (experienced DECj)
  3673 | D:5      | Killed Geomchi's ghost
  3673 | D:5      | Reached skill level 6 in Dodging
  3673 | D:5      | Reached skill level 1 in Stealth
  3673 | D:5      | Reached XP level 8. HP: 73/73 MP: 8/8
  3704 | D:5      | Acquired Trog's third power
  3798 | D:5      | Found Qury's Weapon Emporium.
  4225 | D:6      | Found a shattered altar of Ashenzari.
  4231 | D:6      | Found a radiant altar of Vehumet.
  4250 | D:6      | Reached skill level 5 in Armour
  4521 | D:6      | Reached skill level 5 in Fighting
  4776 | D:6      | Reached skill level 7 in Maces & Flails
  4942 | D:7      | Found a sand-covered staircase.
  4970 | Ossuary  | Entered an ossuary
  5073 | Ossuary  | Gained mutation: You passively map the area around you. [Deep Dwarf growth]
  5073 | Ossuary  | Reached XP level 9. HP: 81/81 MP: 9/9
  6446 | D:7      | Reached skill level 8 in Maces & Flails
  6913 | D:8      | Reached XP level 10. HP: 79/92 MP: 10/10
  7181 | D:9      | Reached skill level 9 in Maces & Flails
  7328 | D:9      | Noticed Erolcha
  7350 | D:9      | Killed Erolcha
  7461 | D:9      | Found Rediegots's Armour Shop.
  7608 | D:9      | Reached skill level 1 in Shields
  7769 | D:10     | Entered Level 10 of the Dungeon
  8131 | D:10     | Reached XP level 11. HP: 35/100 MP: 11/11
  8140 | D:10     | Found a staircase to the Lair.
  8284 | D:10     | Reached skill level 10 in Dodging
  8999 | D:11     | Found a bloodstained altar of Trog.
  8999 | D:11     | Found a basalt altar of Yredelemnul.
  9000 | D:11     | Noticed a stone giant
  9008 | D:11     | Noticed a frost giant
  9084 | D:11     | Got a wavering turquoise ring
  9257 | Lair:1   | Entered Level 1 of the Lair of Beasts
  9308 | Lair:1   | Identified the ring "Qangerch" {Fire *Drain +Fly rN+ Slay+5} (You found it on level 11 of the Dungeon)
  9328 | Lair:1   | Found a glowing golden altar of the Shining One.
  9328 | Lair:1   | Noticed braks's ghost (powerful DsFi)
  9329 | Lair:1   | Reached skill level 5 in Shields
  9342 | Lair:1   | Killed braks's ghost
  9342 | Lair:1   | Reached skill level 10 in Maces & Flails
 10203 | Lair:2   | Reached XP level 12. HP: 75/110 MP: 12/12
 10259 | Lair:2   | Reached skill level 11 in Dodging
 10378 | Lair:2   | Received a gift from Trog
 11058 | Lair:3   | Found a labyrinth entrance.
 11076 | Lab      | Entered a labyrinth
 11440 | Lab      | Noticed a minotaur
 11443 | Lab      | Killed a minotaur
 11455 | Lab      | Got a pair of twisted boots
 11463 | Lab      | Identified the +1 pair of boots of Untold Secrets {-Tele rPois rF- Stlth+} (You found it in a labyrinth)
 11616 | Lair:3   | Identified the Compendium of the Compass
 12175 | Lair:3   | Reached skill level 5 in Stealth
 12783 | Lair:4   | Identified a scroll of acquirement
 12786 | Lair:4   | Got a pair of bloodstained boots
 12792 | Lair:4   | Identified the +0 pair of boots of the Stag {*Confuse Dex+3} (You acquired it on level 4 of the Lair of Beasts)
 12853 | Lair:4   | Reached skill level 10 in Shields
 13073 | Lair:4   | Reached XP level 13. HP: 69/118 MP: 13/13
 13537 | D:5      | Bought the +8 chain mail of the Komodo Dragon {rF+ rC+ Str+4 Int-2} for 836 gold pieces
 14025 | Lair:5   | Reached skill level 12 in Dodging
 14318 | Lair:4   | Noticed Harold
 14330 | Lair:4   | Killed Harold
 14687 | Lair:5   | Found a staircase to the Swamp.
 14749 | Lair:5   | Found a staircase to the Snake Pit.
 15287 | Lair:6   | Identified a +5 rod of destruction (14/14) (You found it in a labyrinth)
 16314 | Lair:7   | Found a viscous altar of Jiyva.
 16314 | Lair:7   | Found a staircase to the Slime Pits.
 16745 | Lair:7   | Reached skill level 13 in Shields
 16885 | Lair:7   | Received a gift from Trog
 16893 | Lair:8   | Entered Level 8 of the Lair of Beasts
 17793 | Lair:8   | Noticed a dire elephant
 17793 | Lair:8   | Noticed a dire elephant
 17797 | Lair:8   | Noticed a dire elephant
 18177 | D:11     | Gained mutation: You resist negative energy. [Deep Dwarf growth]
 18177 | D:11     | Reached XP level 14. HP: 108/129 MP: 14/14
 18213 | D:11     | Found a staircase to the Orcish Mines.
 18218 | D:11     | Found a roughly hewn altar of Beogh.
 18293 | D:11     | Killed a stone giant
 18386 | D:11     | Received a gift from Trog
 18536 | D:12     | Reached skill level 14 in Shields
 18677 | D:12     | Reached skill level 10 in Armour
 18727 | D:12     | Found Inoyloitt's Armour Shoppe.
 19068 | D:12     | Found a frozen archway.
 19110 | IceCv    | Entered an ice cave
 19392 | IceCv    | Got a fine demon trident
 20749 | D:14     | Found a shadowy altar of Dithmenos.
 20823 | D:14     | Reached skill level 15 in Shields
 21069 | D:14     | Found a gate to the Vaults.
 21424 | D:14     | Reached skill level 1 in Evocations
 22004 | D:15     | Entered Level 15 of the Dungeon
 22013 | D:15     | Reached XP level 15. HP: 80/138 MP: 15/15
 22266 | D:15     | Found a staircase to the Depths.
 22964 | Orc:1    | Entered Level 1 of the Orcish Mines
 23330 | Orc:2    | Found a shimmering altar of Xom.
 23457 | Orc:2    | Found a bloodstained altar of Trog.
 23530 | Orc:2    | Received a gift from Trog
 23577 | Orc:2    | Identified the +6 demon trident "Bokh" {pain, rF+} (You found it in an ice cave)
 23944 | Orc:3    | Found a staircase to the Elven Halls.
 24086 | Orc:3    | Reached skill level 10 in Fighting
 24451 | Orc:3    | Noticed Maud
 24466 | Orc:3    | Killed Maud
 24469 | Orc:3    | Found a roughly hewn altar of Beogh.
 24599 | Orc:3    | Reached skill level 16 in Shields
 24607 | Orc:3    | Received a gift from Trog
 24659 | Orc:3    | Identified Wuce's Compendium of Envenoming and Flight
 24802 | Orc:4    | Entered Level 4 of the Orcish Mines
 24913 | Orc:4    | Found Paatarer's Gadget Shoppe.
 25504 | Orc:4    | Found Woos's Gadget Shoppe.
 25521 | Orc:4    | Found Xul Enyqi's Magic Scroll Shop.
 25531 | Orc:4    | Bought a scroll of blinking for 97 gold pieces
 25531 | Orc:4    | Bought a scroll of enchant armour for 97 gold pieces
 25531 | Orc:4    | Bought a scroll of brand weapon for 260 gold pieces
 25531 | Orc:4    | Found Mayge's General Store.
 25776 | Orc:4    | Bought a scroll of acquirement for 936 gold pieces
 25780 | Orc:4    | Got a smoking shield
 25791 | Orc:4    | Identified the +4 shield "Kiubiaf" {rElec Str+5 Int-4 Stlth+} (You acquired it on level 4 of the Orcish Mines)
 26255 | D:5      | Bought a +0 eveningstar for 195 gold pieces
 26816 | Lair:8   | Killed a dire elephant
 26832 | Lair:8   | Killed a dire elephant
 26847 | Lair:8   | Killed a dire elephant
 26911 | Lair:8   | Noticed a dire elephant
 26921 | Lair:8   | Killed a dire elephant
 26947 | Lair:8   | Noticed a dire elephant
 26954 | Lair:8   | Killed a dire elephant
 27175 | Swamp:1  | Entered Level 1 of the Swamp
 27407 | Swamp:1  | Noticed a thorn hunter
 27420 | Swamp:1  | Killed a thorn hunter
 27771 | Swamp:1  | Reached XP level 16. HP: 106/147 MP: 16/16
 27908 | Swamp:2  | Got a dazzling great mace
 27909 | Swamp:2  | Identified the +4 great mace of Qanira {vamp, Int+4} (You found it on level 2 of the Swamp)
 28108 | Swamp:2  | Reached skill level 15 in Maces & Flails
 28690 | Swamp:3  | Noticed Donald
 28703 | Swamp:3  | Killed Donald
 29358 | Swamp:4  | Entered Level 4 of the Swamp
 29482 | Swamp:4  | Got a clouded ivory ring
 29483 | Swamp:4  | Identified the ring of Okawaru's Wrath {rC+ MR+} (You found it on level 4 of the Swamp)
 29559 | Swamp:4  | Received a gift from Trog
 29591 | Swamp:4  | Noticed the 27-headed Lernaean hydra
 29702 | Swamp:4  | Killed the 27-headed Lernaean hydra
 29797 | Swamp:4  | Noticed Kirke
 29810 | Swamp:4  | Killed Kirke
 30121 | Swamp:4  | Got a decaying rune of Zot
 30787 | Snake:1  | Entered Level 1 of the Snake Pit
 30792 | Snake:1  | Got a transparent robe
 30832 | Snake:1  | Noticed Louise
 30838 | Snake:1  | Killed Louise
 30939 | Snake:1  | Reached skill level 10 in Stealth
 31068 | Snake:1  | You fall through a shaft!
 31069 | Snake:2  | Received a gift from Trog
 31075 | Snake:2  | Reached XP level 17. HP: 147/157 MP: 18/18
 31079 | Snake:2  | Noticed Wiglaf
 31095 | Snake:2  | Killed Wiglaf
 32310 | Snake:3  | Identified the +1 robe of Weightlessness {Dex+3} (You found it on level 1 of the Snake Pit)
 32416 | Snake:3  | Found Pooga's Weapon Shoppe.
 32692 | Snake:3  | Found a white marble altar of Elyvilon.
 32793 | Snake:3  | Reached skill level 17 in Maces & Flails
 33223 | Snake:4  | Entered Level 4 of the Snake Pit
 33641 | Snake:4  | Received a gift from Trog
 33843 | Snake:4  | Received a gift from Trog
 33941 | Snake:4  | Gained mutation: You passively map a large area around you. [Deep Dwarf growth]
 33941 | Snake:4  | Reached XP level 18. HP: 123/166 MP: 19/19
 34072 | Snake:4  | Reached skill level 18 in Maces & Flails
 34118 | Snake:4  | Received a gift from Trog
 34182 | Snake:4  | Got a serpentine rune of Zot
 34191 | Snake:4  | Got a dazzling glaive
 35092 | Lair:2   | Identified the cursed +2 glaive "Jidem" {elec, +Rage rC- rN+ Int+3} (You took it off a greater naga on level 4 of the Snake Pit)
 35330 | D:5      | Bought a +2 helmet of intelligence for 258 gold pieces
 35657 | Vaults:1 | Entered Level 1 of the Vaults
 36227 | Vaults:1 | Got an encrusted scale mail
 36238 | Vaults:1 | Identified the +1 scale mail "Ucam" {rPois Str-3 Int+2 SInv} (You found it on level 1 of the Vaults)
 36356 | Vaults:1 | Received a gift from Trog
 36536 | Vaults:1 | Found Onoemon's Book Emporium.
 37147 | Vaults:2 | Received a gift from Trog
 37184 | Vaults:2 | Reached XP level 19. HP: 63/176 MP: 20/20
 37401 | Vaults:2 | Found Coefahino's Armour Emporium.
 37586 | Vaults:2 | Found a staircase to the Crypt.
 37742 | Vaults:2 | Received a gift from Trog
 37747 | Vaults:2 | Reached skill level 19 in Maces & Flails
 38196 | Vaults:2 | Reached XP level 20. HP: 132/186 MP: 20/23
 38197 | Vaults:2 | Reached skill level 15 in Stealth
 38197 | Vaults:2 | Reached XP level 21. HP: 137/192 MP: 20/25
 38271 | Vaults:3 | Found Syil Paako's General Store.
 38279 | Vaults:3 | Bought a scroll of identify for 22 gold pieces
 38279 | Vaults:3 | Bought a scroll of enchant armour for 82 gold pieces
 38329 | Vaults:3 | Upgraded the game from 0.17-a0-1420-geb41feb to 0.17-a0-1430-g49fde19
 41140 | Vaults:4 | Found a flickering gateway to a bazaar.
 41147 | Bazaar   | Entered a bazaar
 41147 | Bazaar   | Found Wacvesit's Distillery.
 41147 | Bazaar   | Found Orphuguv's Assorted Antiques.
 41148 | Bazaar   | Found Diocvin's Armour Emporium.
 41148 | Bazaar   | Found Dematt's Food Emporium.
 41174 | Bazaar   | Bought the cursed +1 leather armour of Makhleb's Supremacy {Dex+6} for 283 gold pieces
 41174 | Bazaar   | Bought the +2 shield of Resistance {rF+ rC+ MR+} for 493 gold pieces
 41186 | Bazaar   | Bought 3 scrolls of recharging for 513 gold pieces
 41186 | Bazaar   | Bought a scroll of identify for 36 gold pieces
 41514 | Vaults:4 | Noticed Jorgrun
 41518 | Vaults:4 | Killed Jorgrun
 41572 | Vaults:4 | Found a sparkling altar of Nemelex Xobeh.
 41589 | Vaults:4 | Noticed Xtahua
 41608 | Vaults:4 | Killed Xtahua
 41745 | Vaults:4 | Reached XP level 22. HP: 84/202 MP: 26/26
 42809 | Vaults:4 | Received a gift from Trog
 42838 | Vaults:5 | Entered Level 5 of the Vaults
 42858 | Vaults:5 | Reached skill level 20 in Maces & Flails
 42895 | Vaults:5 | HP: 6/204 [vault guard/battleaxe[a vault warden] (21)]
 42910 | Vaults:5 | Killed from afar by a quicksilver dragon

Vault maps used:
D:1:      dpeg_arrival_rooms_a
D:2:      kennysheep_big_flooded_room, st_stairs_9
D:3:      lemuel_coloured_pillars_altar, lemuel_crystal_altar,
          ecumenical_altar_1, minmay_misc_feat_alley
D:4:      minmay_temple_entry_butterflies, first_bread, serial_shops, shop,
          nicolae_shop_behind_doors, kennysheep_big_empty_room
D:5:      serial_shops, shop, shop, kennysheep_little_box
D:6:      nicolae_overflow_hidden_temple
D:7:      nicolae_ossuary_entry_monument
D:9:      serial_gnoll_camp, gnoll_camp_mini_shop, gnoll_camp_mini_basic,
          gnoll_camp_mini_hut, gnoll_camp_mini_hut, hangedman_fish_farm,
          uniq_erolcha
D:10:     david_lair_shrubbed, serial_park_tiny_2
D:11:     david_orc_5, jmf_multi_god_temple
D:12:     serial_shops, nicolae_shop_trees, portal_ice_cave_entry_ice_beasts
D:14:     lightli_vaults_fourway_checkpoint, grunt_dithmenos_smoke_and_mirrors,
          minivault_25, small_statue_alley_a
D:15:     grunt_enter_depths_hoard, minmay_misc_feat_plants
Lair:1:   basic_altar, beast_lair_carwin_2
Lair:2:   lemuel_ratsnest, grunt_megastairs_2
Lair:3:   wad_woods_structure_01, lab_entry_generic
Lair:4:   uniq_harold, uniq_nergalle
Lair:5:   minmay_swamp_entry_swarm, guppyfry_snake_entry_island,
          bh_autumn_forest_stairs
Lair:6:   serial_bayou_shore_a
Lair:7:   slime_altar_1
Lair:8:   due_jungle_book
Swamp:1:  nicolae_swamp_orc_logging_accident, swamp_pool5
Swamp:2:  evilmike_swamp_ruin_house_2
Swamp:3:  nicolae_swamp_dense_foliage, uniq_donald
Swamp:4:  swamp_old_school, swamp_pool4, uniq_kirke
Snake:1:  cheibrodos_snake_lava_hold, st_stairs_14, uniq_louise
Snake:2:  special_room, spider_trap, lemuel_fruit_tree, grunt_megastairs_1,
          uniq_wiglaf
Snake:3:  basic_altar, serial_shops, shop
Snake:4:  grunt_snake_rune_pools
Orc:2:    basic_altar, bloody_trog
Orc:3:    lemuel_ogre_cave, basic_altar, nicolae_orc_pool_cavern, rock_pile,
          uniq_maud
Orc:4:    st_orc_elflike
Vaults:1: nicolae_vaults_mini_display_case, vaults_mumra_lcd, v_misc_1,
          v_misc_5, st_squares, nicolae_vaults_little_squares_2,
          vaults_mumra_minichess, v_pattern_2, ontoclasm_vaults_ring_small,
          serial_shops, nicolae_shop_statue_plus
Vaults:2: minmay_crypt_entry_simple_statues, vaults_standard_mumra_lines,
          grunt_vaults_funnel, v_misc_19, v_misc_23,
          nicolae_vaults_ninety_degrees, hangedman_vaults_corner_blocks,
          vaults_room_fancy_cross, v_alt_pattern_2, grunt_vaults_hallway_short,
          nicolae_vaults_rhombus_5, grunt_vaults_hallway_short, serial_shops,
          nicolae_shop_stone
Vaults:3: grunt_vaults_focal, hangedman_vaults_stagger, v_misc_1,
          hangedman_vaults_trim, st_hourglassy, nicolae_vaults_three_branches,
          ontoclasm_vaults_hangar, grunt_vaults_hallway_long,
          nicolae_vaults_gold_heap, vaults_mumra_chevron_long,
          nicolae_vaults_alarming, hangedman_vaults_corner, serial_shops, shop
Vaults:4: v_rooms_4, st_quartered_hall, nicolae_vaults_triangles, v_misc_19,
          ontoclasm_vaults_eye, vaults_dpeg_doors, vaults_dpeg_encased_lava,
          vaults_room_corners, nicolae_vaults_little_squares_1, basic_altar,
          serial_shops, bzr_entry_road, uniq_xtahua, uniq_jorgrun
Lab:      labyrinth_mini_lab, nicolae_lab_grate, nicolae_lab_statue,
          nicolae_lab_very_dead_end
Bazaar:   bazaar_jpeg_oval
Ossuary:  ossuary_zaba_two_paths
IceCv:    ice_cave_tombish

Action                   |  1- 3 |  4- 6 |  7- 9 | 10-12 | 13-15 | 16-18 | 19-21 | 22-24 || total
-------------------------+-------+-------+-------+-------+-------+-------+-------+-------++-------
Melee: Mace              |    99 |   105 |       |       |       |       |       |       ||   204
       Morningstar       |       |    88 |       |       |       |       |       |       ||    88
       Flail             |       |    30 |   336 |   712 |  1552 |       |       |       ||  2630
       Demon whip        |       |       |       |    10 |       |       |       |       ||    10
       Eveningstar       |       |       |       |       |   160 |  1070 |   547 |   193 ||  1970
       Great mace        |       |       |       |       |       |   356 |    35 |       ||   391
Invok: Berserk           |     3 |     3 |     1 |     7 |    10 |    10 |     7 |     2 ||    43
       Trog's Hand       |       |     2 |     6 |    26 |    40 |    32 |    22 |     7 ||   135
       Brothers in Arms  |       |       |       |       |       |     1 |       |       ||     1
Evoke: Wand              |       |       |     1 |     2 |     3 |     7 |     4 |     5 ||    22
  Use: Scroll            |       |     9 |     3 |    20 |    29 |    16 |     9 |     7 ||    93
       Potion            |       |       |       |       |       |     5 |     2 |     3 ||    10
 Stab: Sleeping          |       |       |     1 |    16 |     5 |    23 |    18 |     1 ||    64
       Distracted        |       |       |       |       |     3 |     1 |       |       ||     4
  Eat: Chunk             |     2 |     8 |    12 |    22 |    20 |    21 |    15 |     3 ||   103
       Fruit             |     1 |     1 |     4 |     2 |     8 |    12 |       |       ||    28
       Beef jerky        |       |       |       |     3 |     2 |       |       |       ||     5
       Bread ration      |       |       |       |     1 |     4 |     1 |     2 |       ||     8
       Meat ration       |       |       |       |       |     3 |     4 |     2 |       ||     9
       Pizza             |       |       |       |       |     3 |     3 |       |       ||     6
